 Dungeon Crawl Stone Soup version 0.30.0-29-ga12c61a403 (webtiles) character file.

Game seed: 16054411694886033471

585 seaoflcl the Chopper (level 7, -3/61 HPs)
             Began as a Minotaur Fighter on June 6, 2023.
             Was an Initiate of Okawaru.
             Killed by vampiric draining
             ... invoked by a vampire
              (16 damage)
             ... on level 5 of the Dungeon.
             The game lasted 00:06:20 (3593 turns).

seaoflcl the Chopper (Minotaur Fighter)             Turns: 3593, Time: 00:06:20

Health: -3/61      AC:  7    Str: 22    XL:     7   Next: 14%
Magic:  6/6        EV:  9    Int:  5    God:    Okawaru [......]
Gold:   193        SH:  5    Dex: 10    Spells: 6/6 levels left

rFire   . . .        e - +2 hand axe (drain)
rCold   . . .        c - +0 buckler
rNeg    . . .        b - +0 scale mail
rPois   .            (helmet restricted)
rElec   .            (no cloak)
rCorr   .            (no gloves)
SInv    +            (no boots)
Will    .....        (no amulet) Stlth
                     l - ring of see invisible
HPRegen 0.30/turn    (no ring)
MPRegen 0.10/turn

%: no passive effects
@: no status effects
A: horns 2, retaliatory headbutt
a: Renounce Religion


You were on level 5 of the Dungeon.
You worshipped Okawaru.
Okawaru was noncommittal.
You visited 2 branches of the dungeon, and saw 6 of its levels.
You also visited: Sewer.

You collected 193 gold pieces.

Inventory:

Hand Weapons
 a - a +0 war axe
 e - a +2 hand axe of draining (weapon)
 u - a +2 dagger of venom
 B - the +1 falchion "Beicoriu" {distort, rF+ Int+2}
   (You found it on level 4 of the Dungeon)

   Int:       It affects your intelligence (+2).
   rF:        It protects you from fire.
Armour
 b - a +0 scale mail (worn)
 c - a +0 buckler (worn)
Jewellery
 l - a ring of see invisible (left hand)
 n - a ring of ice
Wands
 v - a wand of flame (12)
Scrolls
 h - a scroll of amnesia
 m - 2 scrolls of blinking
 p - 4 scrolls of teleportation {unknown}
 q - a scroll of fear {unknown}
 s - a scroll of butterflies {unknown}
 t - 2 scrolls of fog {unknown}
 y - 2 scrolls of magic mapping
 A - a scroll of silence {unknown}
 C - a scroll of enchant weapon {unknown}
Potions
 d - a potion of invisibility
 f - a potion of ambrosia {unknown}
 g - 2 potions of magic
 i - a potion of haste {unknown}
 j - 2 potions of lignification {unknown}
 o - a potion of brilliance {unknown}
 r - a potion of berserk rage {unknown}
 w - a potion of attraction {unknown}
 x - 3 potions of curing {unknown}
 z - a potion of cancellation {unknown}


   Skills:
 + Level 5.2 Fighting
 + Level 0.4 Long Blades
 * Level 5.8 Axes
 + Level 2.4 Throwing
 + Level 5.2 Armour
 + Level 0.4 Dodging
 + Level 5.1 Shields
 + Level 0.3 Evocations


You had 6 spell levels left.
You didn't know any spells.
Your spell library contained the following spells:

 Spells                   Type           Power      Damage    Failure   Level
 Apportation              Tloc           0%         N/A       85%         1
 Necrotise                Necr           0%         1d4       85%         1
 Sting                    Tmut/Pois      0%         1d3       85%         1
 Ensorcelled Hibernation  Hex/Ice        0%         N/A       94%         2
 Poisonous Vapours        Pois/Air       0%         N/A       94%         2
 Frozen Ramparts          Ice            0%         1d1       99%         3
 Ice Form                 Ice/Tmut       0%         N/A       100%        4
 Olgreb's Toxic Radiance  Pois           0%         N/A       100%        4
 Summon Small Mammal      Summ           Unusable   N/A       N/A         1
 Summon Ice Beast         Ice/Summ       Unusable   N/A       N/A         4

Dungeon Overview and Level Annotations

Branches:
Dungeon (5/15)             Temple (1/1) D:4           Sewer (visited)

Altars:
Ashenzari
Dithmenos
Hepliaklqana
Kikubaaqudgha
Makhleb
Nemelex Xobeh
Okawaru
Qazlal
Ru
Vehumet
Xom
Zin
The Shining One


Innate Abilities, Weirdness & Mutations

You have a pair of horns on your head.
You reflexively headbutt those who attack you in melee.


Message History

The vampire is lightly damaged.
The vampire hits you! The vampire closely misses you. The vampire hits you!
The vampire bites you!
The vampire draws strength from your injuries!
You hit the vampire but do no damage.
The vampire is lightly damaged.
The vampire hits you! The vampire closely misses you.
You hit the vampire but do no damage. You headbutt the vampire!
The vampire is moderately damaged.
You block the vampire's attack. The vampire bites you.
The vampire draws strength from your injuries!
You completely miss the vampire.
The vampire is moderately damaged.
The vampire hits you. You block the vampire's attack.
You barely miss the vampire.
The vampire is moderately damaged.
The vampire hits you but does no damage.
The vampire bites you.
The vampire draws strength from your injuries!
You hit the vampire but do no damage. You headbutt the vampire.
The vampire is moderately damaged.
The vampire barely misses you. You block the vampire's attack.
You hit the vampire but do no damage.
The vampire is moderately damaged.
You block the vampire's attack. The vampire bites you.
The vampire draws strength from your injuries!
You slash the vampire! You headbutt the vampire!
The vampire is severely damaged.
The vampire hits you!
* * * LOW HITPOINT WARNING * * *
The vampire bites you but does no damage.
You barely miss the vampire.
The vampire is severely damaged.
The vampire hits you.
* * * LOW HITPOINT WARNING * * *
You block the vampire's attack.
You hit the vampire. Your headbutt misses the vampire.
The vampire is almost destroyed.
The vampire draws life force from you!
You die...

..## .. ....##.
.....#. ....V..##
.......(# #.# #.#
##V# #.@# #.##
#.# #########
##.#
........####..#
#########.#....##
............####
.#.#.#.#.#...#
...........#.#


You could see a vampire (invisible).

Vanquished Creatures
  Menkaure (D:4)
  Duvessa (D:4)
  A scorpion (D:4)
  Dowan (D:4)
  A jelly (D:4)
  A sleepcap (D:5)
  Jessica (D:3)
  A hell rat (Sewer)
  4 adders
  3 river rats
  An adder zombie (D:2)
  3 worms
  14 orcs
  6 endoplasms
  2 giant cockroaches (D:4)
  8 goblins
  6 hobgoblins
  9 jackals
  4 quokkas
  8 ball pythons
  A ball python skeleton (D:2)
  2 bats (D:2)
  4 frilled lizards
  A jackal zombie (D:2)
  6 kobolds
  A quokka zombie (D:2)
  11 rats
102 creatures vanquished.

Notes
Turn   | Place    | Note
-------+----------+-------------------------------------------
     0 | D:1      | seaoflcl the Minotaur Fighter began the quest for the Orb.
     0 | D:1      | Reached XP level 1. HP: 19/19 MP: 0/0
   280 | D:1      | Reached XP level 2. HP: 23/27 MP: 1/1
  1067 | D:2      | Reached XP level 3. HP: 31/33 MP: 2/2
  1299 | D:2      | You fall into a shaft and drop 1 floor!
  1367 | D:3      | Reached XP level 4. HP: 40/40 MP: 3/3
  1440 | D:3      | Reached skill level 1 in Throwing
  1771 | D:3      | Noticed Jessica
  1780 | D:3      | Killed Jessica
  1802 | D:3      | Got Jessica's Lectures on Hexing
  1827 | D:3      | Found a shimmering altar of Xom.
  1830 | D:3      | Found a shimmering altar of Xom.
  1844 | D:3      | Reached XP level 5. HP: 47/47 MP: 4/4
  1845 | D:3      | Found a shimmering altar of Xom.
  1847 | D:3      | Found a shimmering altar of Xom.
  1847 | D:3      | Found a shimmering altar of Xom.
  1847 | D:3      | Found a shimmering altar of Xom.
  1847 | D:3      | Found a shimmering altar of Xom.
  1848 | D:3      | Found a shimmering altar of Xom.
  2328 | D:4      | Noticed Dowan
  2329 | D:4      | Noticed Duvessa
  2337 | D:4      | Killed Duvessa
  2343 | D:4      | Killed Dowan
  2344 | D:4      | Reached skill level 5 in Axes
  2344 | D:4      | Reached XP level 6. HP: 17/53 MP: 5/5
  2396 | D:4      | Found a radiant altar of Vehumet.
  2399 | D:4      | Found a burning altar of Makhleb.
  2530 | D:4      | Noticed Menkaure
  2538 | D:4      | Killed Menkaure
  2539 | D:4      | Reached skill level 5 in Fighting
  2539 | D:4      | Reached skill level 5 in Armour
  2539 | D:4      | Reached skill level 5 in Shields
  2798 | D:4      | Found a staircase to the Ecumenical Temple.
  2821 | D:4      | Found a shadowy altar of Dithmenos.
  2826 | D:4      | Identified the +1 falchion "Beicoriu" {distort, rF+ Int+2}
  2868 | D:4      | Found a glowing drain.
  2876 | Sewer    | Entered a sewer
  2898 | Sewer    | Reached XP level 7. HP: 45/61 MP: 6/6
  3431 | Temple   | Entered the Ecumenical Temple
  3435 | Temple   | Became a worshipper of Warmaster Okawaru
  3499 | D:5      | Entered Level 5 of the Dungeon
  3577 | D:5      | Noticed a vampire
  3593 | D:5      | Killed from afar by a vampire

Illustrated notes

Levels and vault maps discovered:
D:1:      dpeg_arrival_rhombi, layout_basic,
          hangedman_abyss_or_decor_lesser_grid
D:2:      layout_rooms, serial_undead, serial_undead_f, serial_undead_d,
          serial_undead_d, serial_undead_a, serial_undead_b, serial_undead_e,
          serial_undead_c, minmay_tetromino_s2
D:3:      layout_basic, xom_redecorated, kennysheep_jessica_study
D:4:      layout_loops_cross, vehumet_altar_wand_db,
          nicolae_dithmenos_the_darkroom, lemuel_crystal_altar,
          minmay_temple_entry_sparse_star, portal_sewer_entry_e, uniq_duvessa,
          uniq_menkaure
D:5:      kennysheep_spiral_hall, layout_basic, serial_shops,
          nicolae_shop_real_fake_doors, hangedman_decor_riveting,
          kennysheep_flooded_box, minmay_starry_boxes
Temple:   nicolae_temple_x_marks_the_god

Skill      XL: |  1  2  3  4  5  6 |
---------------+-------------------+-----
Axes           | 3 4 5 |  5.8
Fighting       | 4 5 |  5.2
Shields        | 4 5 |  5.1
Armour         | 4 5 |  5.2
Throwing       | 1 2 |  2.4
Long Blades    | |  0.4
Dodging        | |  0.4
Evocations     | |  0.3

Action                     |  1- 3 |  4- 6 |  7- 9 || total
---------------------------+-------+-------+-------++-------
  Melee: War axe           |    98 |   102 |    14 ||   214
         Headbutt          |    14 |    13 |     5 ||    32
         Hand axe          |       |       |    16 ||    16
  Throw: Dart              |       |     2 |     2 ||     4
  Evoke: Wand              |       |       |     1 ||     1
    Use: Potion            |       |     1 |       ||     1
         Scroll            |       |       |     5 ||     5
 Armour: Scale mail        |    64 |    39 |     7 ||   110
  Dodge: Dodged            |    67 |    46 |     7 ||   120
  Block: Buckler           |    36 |    24 |     5 ||    65
